 Dungeon Crawl Stone Soup version 0.30-a0-29-g142975f185 (webtiles) character file.

Game seed: 8584450561872740806

30 ragingrage the Ducker (level 3, 0/25 HPs)
             Began as a Djinni Fire Elementalist on Aug 26, 2022.
             Slain by a quokka (2 damage)
             ... on level 2 of the Dungeon.
             The game lasted 00:01:18 (2576 turns).

ragingrage the Ducker (Djinni Fire Elementalist)    Turns: 2576, Time: 00:01:19

Health: 0/25       AC:  3    Str:  7    XL:     3   Next: 37%
Gold:   67         EV: 12    Int: 18    God:
                   SH:  0    Dex: 13

rFire   + + .      SeeInvis .    (no weapon)
rCold   x . .      Faith    .    (no shield)
rNeg    . . .      Spirit   .    a - +0 robe
rPois   ∞          Reflect  .    (no helmet)
rElec   .          Harm     .    (no cloak)
rCorr   .          Rampage  .    i - +0 pair of gloves
Will    .....                    (boots unavailable)
Stlth   ++........               (no amulet)
HPRegen 0.08/turn                (no ring)
MPRegen 0.00/turn                (no ring)

@: flying
A: sickness immunity, fire resistance 2, cold vulnerability 1, float, innate
caster, HP casting, extra vitality 1
a: no special abilities


You were on level 2 of the Dungeon.
You visited 1 branch of the dungeon, and saw 2 of its levels.

You collected 67 gold pieces.

Inventory:

Armour
 a - a +0 robe (worn)
 i - a +0 pair of gloves (worn)
Jewellery
 g - a ring of wizardry
Scrolls
 d - a scroll of teleportation {unknown}
 f - a scroll of summoning {unknown}
 m - a scroll of noise {unknown}
 o - a scroll of vulnerability {unknown}
Potions
 b - a potion of lignification {unknown}
 c - a potion of brilliance {unknown}
 e - a potion of might {unknown}
 h - a potion of cancellation {unknown}
 j - a potion of resistance {unknown}
 k - a potion of haste {unknown}
 l - 3 potions of mutation {unknown}
 n - a potion of invisibility {unknown}


   Skills:
 + Level 2.9 Dodging
 + Level 2.1 Stealth
 + Level 2.7 Spellcasting


You couldn't memorise any spells.
You knew the following spells:

 Your Spells              Type           Power      Damage    Failure   Level
a - Foxfire               Conj/Fire      48%        2x1d6     5%          1
b - Scorch                Fire           24%        2d6       9%          2
c - Conjure Flame         Conj/Fire      12%        6-21      16%         3
d - Inner Flame           Hex/Fire       12%        N/A       16%         3
e - Flame Wave            Conj/Fire      12%        2d6       47%         4
f - Freeze                Ice            48%        1d7       5%          1
Your spell library was empty.

Dungeon Overview and Level Annotations

Branches:
Dungeon (2/15)

Altars:
Dithmenos

Annotations:
D:1 exclusion: downstairs


Innate Abilities, Weirdness & Mutations

You are immune to sickness and miasma.
You are immune to poison.
Your flesh is very heat resistant. (rF++)
You are vulnerable to cold. (rC-)
You float through the air rather than walking.
You learn spells naturally, not from books.
Your magical power is your life essence.
You have superior vitality. (+4 MHP)


Message History

The quokka bites you but does no damage.
You closely miss the quokka.
The quokka is severely wounded.
The quokka bites you but does no damage.
You barely miss the quokka.
The quokka is severely wounded.
The quokka barely misses you.
You closely miss the quokka.
The quokka is severely wounded.
The quokka bites you.
* * * LOW HITPOINT WARNING * * *
The quokka bites you.
* * * LOW HITPOINT WARNING * * *
You closely miss the quokka.
The quokka is severely wounded.
The quokka bites you.
* * * LOW HITPOINT WARNING * * *
You hit the quokka but do no damage.
The quokka is severely wounded.
The quokka bites you.
* * * LOW HITPOINT WARNING * * *
You hit the quokka.
The quokka is almost dead.
The quokka barely misses you.
You closely miss the quokka.
The quokka is almost dead.
The quokka barely misses you.
You hit the quokka but do no damage.
The quokka is almost dead.
The quokka barely misses you. The quokka closely misses you.
You miss the quokka.
The quokka is almost dead.
The quokka closely misses you.
You closely miss the quokka.
The quokka is almost dead.
The quokka closely misses you.
You hit the quokka but do no damage.
The quokka is almost dead.
The quokka bites you.
You die...

#########
#.......####
#.#####....######
#.# #.....).##.
#.# #.##.##.##.
#.# #.##.##.##.
####.#
#.##.......
#.r@.#
#.#####.#..
#.#### ... #.#..
# ... ..#..
.###.# .. #.. ##
###


You could see a quokka.

Vanquished Creatures
  A worm (D:2)
  A dart slug (D:2)
  3 ball pythons
  3 endoplasms
  2 giant cockroaches (D:1)
  2 goblins (D:2)
  2 hobgoblins (D:2)
  2 kobolds (D:2)
  3 quokkas
  3 rats (D:2)
22 creatures vanquished.

Vanquished Creatures (others)
  112 foxfires
112 creatures vanquished.

Grand Total: 134 creatures vanquished

Notes
Turn   | Place    | Note
-------+----------+-------------------------------------------
     0 | D:1      | ragingrage the Djinni Fire Elementalist began the quest for
                  | the Orb.
     0 | D:1      | ragingrage set off with the following spells memorised:
                  | Foxfire, Scorch, Conjure Flame, Inner Flame, Flame Wave.
     0 | D:1      | Reached XP level 1. HP: 15/15 MP: 0/0
   321 | D:1      | Found a faded altar of an unknown god.
  1063 | D:1      | Reached XP level 2. HP: 18/21 MP: 0/0
  2097 | D:2      | Reached XP level 3. HP: 19/25 MP: 0/0
  2097 | D:2      | Learned a level 1 spell: Freeze
  2250 | D:2      | Found a shadowy altar of Dithmenos.
  2570 | D:2      | HP: 1/25 [quokka (2)]
  2576 | D:2      | Slain by a quokka

Illustrated notes

Levels and vault maps discovered:
D:1:      lightli_arrival_noodles, layout_rooms,
          chequers_ecumenical_altar_twisty, nicolae_figureground_pulse
D:2:      layout_loops_cross, basic_altar, grunt_ministairs_11

Skill      XL: |  1  2 |
---------------+-------+-----
Stealth        | 2 |  2.1
Dodging        | |  2.9
Spellcasting   | |  2.7

Action                   || total
-------------------------++-------
Melee: Unarmed           ||    59
 Cast: Foxfire           ||    72
Armor: Robe              ||    10
Dodge: Dodged            ||    37

Table legend: (Time is in decaauts)
 A = Elapsed time spent in this place.
 B = Non-inter-level travel time spent in this place.
 C = Inter-level travel time spent in this place.
 D = Time resting spent in this place.
 E = Time spent auto-exploring this place.
 F = Levels seen in this place.
 G = Mean time per level.
                   A        B        C        D        E       F      G
               +--------+--------+--------+--------+--------+-----+--------+
         Total |   2576 |   2536 |     40 |    455 |   1835 |   2 | 1288.0 |
       Dungeon |   2576 |   2536 |     40 |    455 |   1835 |   2 | 1288.0 |
               +--------+--------+--------+--------+--------+-----+--------+

Top non-repeatable levels by time:
     D:1: 1602 daAuts
     D:2: 973 daAuts
